 Dungeon Crawl Stone Soup version 0.32-a0-391-gce5c0aab1b (webtiles) character file.

Game seed: 5903744815147062596

4 seren the Charlatan (level 1, -2/15 HPs)
             Began as a Coglin Artificer on Feb 19, 2024.
             Slain by a quokka (3 damage)
             ... on level 1 of the Dungeon.
             The game lasted 00:01:00 (69 turns).

seren the Charlatan (Coglin Artificer)                Turns: 69, Time: 00:01:01

Health: -2/15      AC:  3    Str: 12    XL:     1   Next: 70%
Magic:  1/1        EV: 11    Int: 10    God:
Gold:   0          SH:  0    Dex: 14    Spells: 0/0 levels left

rFire   . . .        a - +0 club {Olaf}
rCold   . . .        g - +0 dagger {Anan}
rNeg    . . .        b - +0 leather armour
rPois   .            (no helmet)
rElec   .            (no cloak)
rCorr   .            (no gloves)
SInv    .            (no boots)
Will    .....        (no amulet)
Stlth   +            (no ring)
HPRegen 0.22/turn    (no ring)
MPRegen 0.07/turn

%: no passive effects
@: revved, stiff-legged, very slow
A: off-hand wielding, slow wielding, warmup strikes, warmup strides
a: no special abilities


You were on level 1 of the Dungeon.
You visited 1 branch of the dungeon, and saw 1 of its levels.

Inventory:

Hand Weapons
 a - a +0 club (weapon) {Olaf}
 g - a +0 dagger (worn) {Anan}
Armour
 b - a +0 leather armour (worn)
Wands
 c - a wand of flame (15) (quivered)
 d - a wand of charming (15)
 e - a wand of iceblast (5)
Scrolls
 h - a scroll of blinking {unknown}
Potions
 f - 2 potions of enlightenment {unknown}


   Skills:
 + Level 1.1 Fighting
 + Level 1.8 Armour
 + Level 1.0 Dodging
 + Level 0.9 Stealth
 + Level 4.1 Evocations


You couldn't memorise any spells.
You didn't know any spells.
Your spell library was empty.

Dungeon Overview and Level Annotations

Branches:
Dungeon (1/15)

Altars:


Innate Abilities, Weirdness & Mutations

You can wield a second weapon in your off-hand.
It takes a long time for you to wield or remove held weapons.
Your first few attacks do less damage.
Your first movements take longer.


Message History

The quokka bites you but does no damage.
You barely miss the quokka with your +0 dagger.
The quokka is almost dead.
The quokka bites you.
You hit the quokka but do no damage.
The quokka is almost dead.
The quokka closely misses you.
You barely miss the quokka with your +0 dagger.
The quokka is almost dead.
The quokka bites you.
* * * LOW HITPOINT WARNING * * *
You barely miss the quokka with your +0 dagger.
The quokka is almost dead.
The quokka barely misses you. The quokka bites you.
* * * LOW HITPOINT WARNING * * *
You hit the quokka but do no damage.
The quokka is severely wounded.
The quokka barely misses you.
You miss the quokka with your +0 dagger.
The quokka is severely wounded.
The quokka completely misses you. The quokka bites you.
* * * LOW HITPOINT WARNING * * *
You start attuning to your weapon.
You continue attuning to your +0 club {Olaf}.
The quokka closely misses you.
You continue attuning to your +0 club {Olaf}.
The quokka barely misses you. The quokka bites you.
* * * LOW HITPOINT WARNING * * *
You continue attuning to your +0 club {Olaf}.
The quokka bites you.
* * * LOW HITPOINT WARNING * * *
You continue attuning to your +0 club {Olaf}.
The quokka misses you.
You finish attuning to your +0 club {Olaf}.
You welcome your +0 club "Olaf" back into your grasp.
You hit the quokka with your +0 dagger.
The quokka is heavily wounded.
You miss the quokka with your +0 club. The quokka bites you.
You die...

###### ########## .....
............. ....
............. #...
#...####...## #... #...#
#...## #...
#...####.....
#...#####...........<
###..r@................
.....?.....†.....#######
.........#####...# #
..####...# #...# # .
#...# #...# #
#...#####...#######
...................
..................%.
#####################


You could see a quokka.

Vanquished Creatures
  A goblin (D:1)
  A ball python (D:1)
  A rat (D:1)
3 creatures vanquished.

Notes
Turn   | Place    | Note
-------+----------+-------------------------------------------
     0 | D:1      | seren the Coglin Artificer began the quest for the Orb.
     0 | D:1      | Reached XP level 1. HP: 15/15 MP: 1/1
    35 | D:1      | Reached skill level 1 in Dodging
    69 | D:1      | Slain by a quokka

Illustrated notes

Levels and vault maps discovered:
D:1:      dpeg_arrival_boxorama, layout_basic

Skill      XL: |  1 |
---------------+----+-----
Dodging        | 1 |  1.0
Fighting       | |  1.1
Armour         | |  1.8
Stealth        | |  0.9
Evocations     | |  4.1

Action                     || total
---------------------------++-------
  Melee: Dagger            ||    10
         Club              ||     6
 Armour: Leather armour    ||    13
  Dodge: Dodged            ||    10

Table legend: (Time is in decaauts)
 A = Elapsed time spent in this place.
 B = Non-inter-level travel time spent in this place.
 C = Inter-level travel time spent in this place.
 D = Time resting spent in this place.
 E = Time spent auto-exploring this place.
 F = Levels seen in this place.
 G = Mean time per level.
                   A        B        C        D        E       F      G
               +--------+--------+--------+--------+--------+-----+--------+
         Total |     75 |     75 |      0 |      0 |     22 |   1 |   75.0 |
       Dungeon |     75 |     75 |      0 |      0 |     22 |   1 |   75.0 |
               +--------+--------+--------+--------+--------+-----+--------+

Top non-repeatable levels by time:
     D:1: 75 daAuts
